[Event "Titled Tuesday Blitz August 15 Late 2023"]
[White "Berezin, Viktor"]
[Black "sebastianmarinp"]
[WhiteFideId "14107872"]
[WhiteElo "2499"]
[BlackElo "2411"]
[Result "1-0"]
[Round "11"]
[TimeControl "180+1"]
[Date "2023.08.15"]
[WhiteClock "0:01:04"]
[BlackClock "0:00:05"]
[Board "61"]

1. Nf3 Nf6 2. g3 b6 3. Bg2 Bb7 4. O-O c5 5. b3 d6 6. Bb2 e5 7. d3 g6 8. a3 Bg7 9. b4 O-O 10. Nbd2 Nc6 11. c3 Qe7 12. e4 a5 13. bxc5 bxc5 14. a4 Ba6 15. Qc2 Rab8 16. Rab1 Rb7 17. Ba3 Rfb8 18. Rfd1 Nd7 19. Rxb7 Rxb7 20. Rb1 Nb6 21. Ne1 Qd7 22. Bf1 Nd8 23. Ng2 Qxa4 24. Qa2 Nc6 25. Ne3 Nb4 26. cxb4 axb4 27. Nec4 Nxc4 28. Nxc4 Bxc4 29. Qxc4 Qxa3 30. Qd5 Rb6 31. d4 exd4 32. Bc4 Qa7 33. Rb3 Bf6 34. Rf3 Kg7 35. Bb3 Ra6 36. g4 h6 37. h4 Ra3 38. g5 hxg5 39. hxg5 Rxb3 40. gxf6+ Kg8 41. Qxb3 Qa1+ 42. Kg2 Qd1 43. Qxd1 1-0


[Site "https://www.chess.com"]

[Event "Titled Tuesday Blitz August 15 Late 2023"]
[White "Michalczak, Thomas"]
[Black "Topalov, Aleksandar"]
[WhiteFideId "4622634"]
[BlackFideId "925659"]
[WhiteElo "2498"]
[BlackElo "2388"]
[Result "0-1"]
[Round "11"]
[TimeControl "180+1"]
[Date "2023.08.15"]
[WhiteClock "0:00:43"]
[BlackClock "0:00:44"]
[Board "62"]

1. e4 e6 2. d4 d5 3. Nc3 Bb4 4. e5 Qd7 5. a3 Bxc3+ 6. bxc3 b6 7. h4 Ba6 8. Bxa6 Nxa6 9. h5 h6 10. Qg4 f5 11. Qe2 Nb8 12. Nf3 Nc6 13. a4 Na5 14. Nh4 Ne7 15. g4 Rf8 16. g5 hxg5 17. Bxg5 O-O-O 18. Bxe7 Qxe7 19. Ng6 Qf7 20. Nxf8 Rxf8 21. Rb1 Nc4 22. f4 Rh8 23. Rb4 Na5 24. Qa6+ Kd7 25. Qxa7 Rxh5 26. Rf1 Nc6 27. Qa6 Rh2 28. Rb2 Qh5 29. Qd3 Na5 30. Qf3 Qh4+ 31. Rf2 Rh1+ 32. Ke2 Nc4 33. Rb4 g5 34. Rxc4 g4 35. Rxc7+ Kxc7 36. Qg2 g3 37. c4 Rh2 38. cxd5 Rxg2 39. d6+ Kc6 40. Rxg2 Qxf4 41. c3 Qe4+ 42. Kf1 Qf3+ 43. Kg1 Qd1# 0-1


[Site "https://www.chess.com"]

[Event "Titled Tuesday Blitz August 15 Late 2023"]
[White "arenal72"]
[Black "petr577"]
[WhiteElo "2497"]
[BlackElo "2382"]
[Result "1-0"]
[Round "11"]
[TimeControl "180+1"]
[Date "2023.08.15"]
[WhiteClock "0:01:25"]
[BlackClock "0:00:12"]
[Board "63"]

1. e4 e5 2. Nf3 Nc6 3. Nc3 Nf6 4. h3 d5 5. exd5 Nxd5 6. Bb5 Nxc3 7. bxc3 Bd6 8. d4 exd4 9. O-O O-O 10. cxd4 Qf6 11. c4 Qg6 12. Bxc6 bxc6 13. c5 Bxh3 14. Nh4 Qe4 15. cxd6 Qxh4 16. gxh3 Qxh3 17. Rb1 cxd6 18. Rb3 Qf5 19. Qf3 Qxf3 20. Rxf3 Rfe8 21. Bf4 Re2 22. Bxd6 Rxa2 23. Rc1 Rd2 24. Rxc6 Rxd4 25. Bc5 Ra4 26. Rc7 f6 27. Rg3 g6 28. Rd3 Rg4+ 29. Kh2 a5 30. Rdd7 Rh4+ 31. Kg3 Rh5 32. Bd4 a4 33. Rg7+ Kf8 34. Bc3 a3 35. Bb4+ Ke8 36. Rg8# 1-0


[Site "https://www.chess.com"]

[Event "Titled Tuesday Blitz August 15 Late 2023"]
[White "Arutla, Aditya"]
[Black "ciroreva-CB"]
[WhiteFideId "30961998"]
[WhiteElo "2496"]
[BlackElo "2363"]
[Result "0-1"]
[Round "11"]
[TimeControl "180+1"]
[Date "2023.08.15"]
[WhiteClock "0:00:03"]
[BlackClock "0:00:06"]
[Board "64"]

1. d4 d6 2. e4 Nf6 3. Nc3 e5 4. dxe5 dxe5 5. Qxd8+ Kxd8 6. Bg5 Be6 7. Nf3 Nd7 8. O-O-O Kc8 9. Nd2 c6 10. Bc4 Bxc4 11. Nxc4 Kc7 12. a4 Bb4 13. f3 h6 14. Be3 Rhe8 15. Na2 Bc5 16. Bd2 b5 17. axb5 cxb5 18. Ba5+ Bb6 19. Bxb6+ axb6 20. Na3 Ra5 21. Nb4 Nb8 22. c3 Nc6 23. Nd5+ Nxd5 24. exd5 Nd8 25. Rhe1 Nb7 26. f4 f6 27. fxe5 fxe5 28. Re4 Nd6 29. Rg4 Re7 30. Kc2 Kd7 31. Rd3 Ra4 32. Rxa4 bxa4 33. Re3 e4 34. Nb1 Nc4 35. Re2 Kd6 36. Nd2 Nxd2 37. Rxd2 e3 38. Re2 Kxd5 39. Kd3 b5 40. h3 g5 41. g4 Re6 42. Re1 e2 43. Kd2 Kc4 44. Kc2 Re3 45. Kd2 Re7 46. Kc2 Re6 47. Kd2 Kb3 48. Kc1 Re5 49. Kb1 Rd5 50. Kc1 Rd1+ 51. Rxd1 exd1=Q+ 52. Kxd1 Kxb2 53. Kd2 a3 0-1


[Site "https://www.chess.com"]

[Event "Titled Tuesday Blitz August 15 Late 2023"]
[White "Carrasco Miranda, Andres"]
[Black "Nathan, Nitish"]
[WhiteFideId "3405990"]
[BlackFideId "30927870"]
[WhiteElo "2360"]
[BlackElo "2476"]
[Result "0-1"]
[Round "11"]
[TimeControl "180+1"]
[Date "2023.08.15"]
[WhiteClock "0:00:14"]
[BlackClock "0:01:28"]
[Board "65"]

1. d4 d5 2. c4 c6 3. Nf3 Nf6 4. e3 Bf5 5. Nc3 e6 6. Nh4 Bg4 7. Qb3 Qc7 8. h3 Bh5 9. g4 Bg6 10. Nxg6 hxg6 11. Bg2 Nbd7 12. Bd2 Bd6 13. O-O-O a6 14. Kb1 b5 15. cxd5 cxd5 16. Rc1 Qb6 17. e4 dxe4 18. Nxe4 Nxe4 19. Bxe4 Rd8 20. Be3 Qb8 21. Bg5 Be7 22. h4 Bxg5 23. hxg5 Rxh1 24. Rxh1 Ke7 25. d5 Nc5 26. Qb4 Qd6 27. dxe6 Nxe6 28. Qe1 Qd2 29. f4 Qxf4 30. Rf1 Qxg5 31. Bf5 gxf5 32. gxf5 Qd2 33. Qh4+ f6 34. Re1 Qd3+ 35. Kc1 Rc8+ 0-1


[Site "https://www.chess.com"]

[Event "Titled Tuesday Blitz August 15 Late 2023"]
[White "Kovacevic, Radmila"]
[Black "Blackburn, Jonathan L B"]
[WhiteFideId "933171"]
[BlackFideId "1801090"]
[WhiteElo "2269"]
[BlackElo "2425"]
[Result "0-1"]
[Round "11"]
[TimeControl "180+1"]
[Date "2023.08.15"]
[WhiteClock "0:00:08"]
[BlackClock "0:00:01"]
[Board "66"]

1. e4 e6 2. d3 d5 3. Qe2 Nc6 4. Nf3 dxe4 5. dxe4 Nd4 6. Nxd4 Qxd4 7. c3 Qd8 8. Bf4 Bd7 9. Nd2 Qf6 10. Bxc7 Rc8 11. e5 Qg6 12. Ba5 Bc6 13. f3 b6 14. Bb4 Bxb4 15. cxb4 Ne7 16. Nc4 O-O 17. Nd6 Rcd8 18. b5 Ba8 19. Qd2 f6 20. Bd3 Qh5 21. O-O-O fxe5 22. Ne4 Bxe4 23. fxe4 Ng6 24. g3 Rd4 25. Qe3 Rc8+ 26. Kb1 Rcd8 27. h3 h6 28. Kc2 Rc8+ 29. Kb1 Rcd8 30. Kc2 Nf8 31. Be2 Qe8 32. Kb1 Qe7 33. Qc3 Rxe4 34. Bc4 Red4 35. Rde1 Qc5 36. b3 a6 37. a4 axb5 38. axb5 Ra8 39. Qb2 Kh7 40. Re2 Kh8 41. Rhe1 e4 42. Rxe4 Rxe4 43. Rxe4 Qg1+ 44. Qc1 Ra1+ 45. Kc2 Qxc1+ 46. Kd3 Qd1+ 47. Ke3 Qe1+ 48. Kf4 Qf2+ 49. Kg4 Qf5+ 50. Kh4 Qg5# 0-1


[Site "https://www.chess.com"]

[Event "Titled Tuesday Blitz August 15 Late 2023"]
[White "Martinez, Shawn"]
[Black "GaiozNigalidze"]
[WhiteFideId "2039770"]
[WhiteElo "2337"]
[BlackElo "2683"]
[Result "0-1"]
[Round "11"]
[TimeControl "180+1"]
[Date "2023.08.15"]
[WhiteClock "0:00:00"]
[BlackClock "0:00:14"]
[Board "67"]

1. e4 a6 2. d4 c6 3. Bd3 d5 4. e5 b5 5. c3 g6 6. h3 Bg7 7. Nf3 Nd7 8. O-O Nb6 9. Re1 e6 10. Nbd2 h6 11. Nb3 Ne7 12. Nc5 Nd7 13. b4 Nxc5 14. bxc5 Qc7 15. Bf4 g5 16. Bd2 Nf5 17. a4 Rb8 18. axb5 axb5 19. Qc1 Bd7 20. g4 Ne7 21. Kg2 Ng6 22. Qc2 Ne7 23. h4 gxh4 24. Rh1 h5 25. g5 Nf5 26. Nxh4 Ne7 27. Nf3 Kd8 28. c4 Ke8 29. cxb5 cxb5 30. Ba5 Qc8 31. Bb6 Nc6 32. Bxb5 Nxe5 33. Bxd7+ Nxd7 34. Ba7 Ra8 35. c6 Nf8 36. Rhb1 Ng6 37. c7 Kf8 38. Rb8 Ke7 39. Qc5+ Kd7 40. Qb5+ Kxc7 41. Rc1+ Kd6 42. Rcxc8 Rxc8 43. Rxc8 Rxc8 44. Bc5+ Kc7 0-1


[Site "https://www.chess.com"]

[Event "Titled Tuesday Blitz August 15 Late 2023"]
[White "Radivojevic, Ivan"]
[Black "Seletsky, Grigory"]
[WhiteFideId "928461"]
[BlackFideId "14112191"]
[WhiteElo "2427"]
[BlackElo "2483"]
[Result "1-0"]
[Round "11"]
[TimeControl "180+1"]
[Date "2023.08.15"]
[WhiteClock "0:00:16"]
[BlackClock "0:00:32"]
[Board "69"]

1. e4 c5 2. Nc3 e6 3. f4 a6 4. g3 b5 5. Bg2 Bb7 6. d3 d6 7. Nh3 Nd7 8. Nf2 g6 9. O-O Ne7 10. Be3 Bg7 11. Rb1 O-O 12. Ne2 d5 13. c3 d4 14. cxd4 cxd4 15. Nxd4 e5 16. Nf3 Rc8 17. d4 exd4 18. Bxd4 Nc5 19. Bxg7 Kxg7 20. Qe2 Qb6 21. Kh1 b4 22. b3 a5 23. Rfd1 Rfd8 24. Qb2+ Kg8 25. Ne5 h5 26. Rbc1 Rxd1+ 27. Rxd1 Rd8 28. Qc2 Rxd1+ 29. Qxd1 Qc7 30. Qc2 Qd6 31. Nc4 Qd4 32. h3 a4 33. bxa4 Ba6 34. Ne5 h4 35. gxh4 Qe3 36. Neg4 Qd4 37. h5 gxh5 38. Nf6+ Qxf6 39. Qxc5 Qxf4 40. Qxe7 Qxf2 41. Qg5+ Kf8 42. Qh6+ Kg8 43. Qg5+ Kf8 44. Qh6+ Kg8 45. Qxa6 h4 46. Qc8+ Kg7 47. Qg4+ Kf8 48. e5 Qe1+ 49. Kh2 Qxe5+ 50. Kg1 Qe3+ 51. Kf1 Qc1+ 52. Ke2 Qc2+ 53. Ke3 Qc3+ 54. Kf2 Qd2+ 55. Kf3 Qd3+ 56. Kf4 Qd4+ 57. Kg5 Qb2 58. Kxh4 f6 59. Bd5 Qf2+ 60. Kh5 Qc5 61. Qg8+ Ke7 62. Qe6+ Kd8 63. Qxf6+ Kc7 64. Qc6+ Qxc6 65. Bxc6 Kxc6 66. Kg6 Kb6 67. h4 Ka5 68. h5 Kxa4 69. h6 Ka3 70. h7 Kxa2 71. h8=Q b3 72. Qa8+ Kb1 73. Qe4+ Ka1 74. Qa4+ Kb2 75. Kf5 Kc2 76. Qc4+ Kb2 77. Ke4 Ka3 78. Qa6+ Kb4 79. Qb6+ Kc3 80. Qc5+ Kd2 81. Qb4+ Kc2 82. Qc4+ Kb2 83. Kd3 Ka1 84. Qa4+ Kb2 85. Kd2 Kb1 86. Qxb3+ Ka1 87. Qb4 Ka2 88. Kc2 1-0


[Site "https://www.chess.com"]

[Event "Titled Tuesday Blitz August 15 Late 2023"]
[White "Kielinkei"]
[Black "Gurevich, Dmitry"]
[BlackFideId "2000407"]
[WhiteElo "2405"]
[BlackElo "2472"]
[Result "0-1"]
[Round "11"]
[TimeControl "180+1"]
[Date "2023.08.15"]
[WhiteClock "0:00:00"]
[BlackClock "0:01:06"]
[Board "70"]

1. Nf3 d5 2. g3 g6 3. Bg2 Bg7 4. d4 Nf6 5. O-O O-O 6. c4 c6 7. cxd5 cxd5 8. Ne5 Nc6 9. Nxc6 bxc6 10. Nc3 Ba6 11. Qa4 Qb6 12. Qa3 e6 13. Rd1 Rfc8 14. Na4 Qd8 15. e3 Rcb8 16. Nc5 Bc8 17. Bd2 a5 18. Rac1 Bf8 19. b3 Nd7 20. Qa4 Nxc5 21. dxc5 Bg7 22. Qxc6 Ba6 23. Qa4 Bb5 24. Qa3 Bc6 25. Bc3 Bxc3 26. Rxc3 Qf6 27. Qb2 a4 28. Rc2 Qxb2 29. Rxb2 axb3 30. axb3 Rb4 31. Bf1 Rab8 32. Rdb1 Kf8 33. Bd3 Ke7 34. Kf1 Bb5 35. Ke2 Kd7 36. Kd2 Kc6 37. Bxb5+ R8xb5 38. Kc3 Kxc5 39. Rc2 Kd6 40. Ra2 Rb7 41. Ra6+ Ke7 42. Rc6 Kd7 43. Rc5 g5 44. h3 h5 45. Rb2 f5 46. Rb1 h4 47. Rb2 Kd6 48. Ra5 hxg3 49. fxg3 Re4 50. Kd3 Rh7 51. Ra6+ Ke5 52. Rc2 Rxh3 53. Rcc6 Rh6 54. Rcb6 Rg4 55. b4 Rxg3 56. b5 f4 57. Rb8 Rxe3+ 58. Kd2 Rh2+ 59. Kd1 Rg3 0-1


[Site "https://www.chess.com"]

[Event "Titled Tuesday Blitz August 15 Late 2023"]
[White "Bullen, Alex"]
[Black "Bueno, Alfeu Junior Varela"]
[WhiteFideId "1801627"]
[BlackFideId "2108879"]
[WhiteElo "2345"]
[BlackElo "2457"]
[Result "1/2-1/2"]
[Round "11"]
[TimeControl "180+1"]
[Date "2023.08.15"]
[WhiteClock "0:00:09"]
[BlackClock "0:01:14"]
[Board "71"]

1. d4 e6 2. Nf3 f5 3. Bf4 b6 4. c3 Bb7 5. e3 Nf6 6. Be2 Be7 7. h3 O-O 8. Nbd2 d6 9. O-O Qe8 10. a4 a5 11. Bb5 Qg6 12. Qb3 Ne4 13. Nxe4 Bxe4 14. Be2 Nd7 15. Bg3 Kh8 16. Nd2 Nf6 17. Qxe6 Bd5 18. Qxe7 Rf7 19. Qxf7 Qxf7 20. Bf3 Bxf3 21. Nxf3 Ne4 22. Bf4 Qb3 23. Rfb1 h6 24. h4 Qc2 25. Bg3 Nxg3 26. fxg3 Qe2 27. Kh2 Re8 28. h5 Rxe3 29. Re1 Qd3 30. Rxe3 Qxe3 31. Re1 Qf2 32. Re8+ Kh7 33. Nh4 g6 34. hxg6+ Kg7 35. Re7+ Kg8 36. Re8+ Kg7 37. Re7+ Kg8 38. Re8+ Kg7 1/2-1/2


[Site "https://www.chess.com"]

[Event "Titled Tuesday Blitz August 15 Late 2023"]
[White "Fernandez Bustamante, Leancy B."]
[Black "Kubatko, Ivan"]
[WhiteFideId "3523870"]
[BlackFideId "24111473"]
[WhiteElo "2261"]
[BlackElo "2451"]
[Result "0-1"]
[Round "11"]
[TimeControl "180+1"]
[Date "2023.08.15"]
[WhiteClock "0:00:00"]
[BlackClock "0:00:37"]
[Board "72"]

1. e4 d5 2. exd5 Qxd5 3. d4 e5 4. dxe5 Qxd1+ 5. Kxd1 Nc6 6. Bb5 Bg4+ 7. f3 O-O-O+ 8. Bd2 Bf5 9. Bxc6 bxc6 10. Nc3 Bc5 11. Ke2 Bxc2 12. Rc1 Bd3+ 13. Ke1 Ne7 14. Na4 Bd4 15. Bc3 Ng6 16. Ne2 Be3 17. Rd1 Bc2 18. Rd4 Bxd4 19. Nxd4 Bxa4 20. b3 Bb5 21. a4 Ba6 22. Nxc6 Rde8 23. Kf2 Bb7 24. Nxa7+ Kb8 25. Nb5 Nxe5 26. Kg3 f6 27. a5 h5 28. h4 Nd3 29. Ra1 Nc5 30. Bb4 Na6 31. Rc1 Nxb4 32. Rxc7 g5 33. Rf7 gxh4+ 34. Kh2 Re6 35. a6 Rxa6 36. Nd4 Ra2 37. Nb5 Rg8 38. Kh3 Raxg2 39. Rxb7+ Kxb7 40. Nd6+ Ka8 41. f4 Nd3 0-1


[Site "https://www.chess.com"]

[Event "Titled Tuesday Blitz August 15 Late 2023"]
[White "Zampronha, Wladimir Camilo"]
[Black "Grinev, Valeriy"]
[WhiteFideId "2103087"]
[BlackFideId "14117517"]
[WhiteElo "2271"]
[BlackElo "2500"]
[Result "0-1"]
[Round "11"]
[TimeControl "180+1"]
[Date "2023.08.15"]
[WhiteClock "0:01:01"]
[BlackClock "0:01:30"]
[Board "73"]

1. e4 c5 2. Nf3 Nc6 3. d4 cxd4 4. Nxd4 e5 5. Nb5 d6 6. N1c3 a6 7. Na3 b5 8. Nd5 Nf6 9. Bg5 Be7 10. Bxf6 Bxf6 11. c3 Bg5 12. Nc2 O-O 13. a4 bxa4 14. Rxa4 a5 15. Bb5 Ne7 16. Nce3 Bxe3 17. Nxe3 Bb7 18. Qd3 d5 19. exd5 Nxd5 20. Nxd5 Qxd5 21. Qxd5 Bxd5 22. O-O Bb3 23. Re4 f6 24. Bc4+ Bxc4 25. Rxc4 Rfb8 26. b4 axb4 27. Rxb4 Rc8 28. Rb3 Ra2 29. Rd1 Rc2 30. g3 R2xc3 31. Rb7 R3c7 32. Rd7 Rxb7 33. Rxb7 h5 34. h4 Kh7 35. Kh2 Kg6 36. Ra7 Rc2 37. Kg2 Rb2 38. Re7 Rb3 39. Re8 Kf5 40. Rh8 g6 41. Rf8 Rb2 42. Re8 Rb5 43. Re7 e4 44. Re8 Re5 45. Rf8 e3 46. fxe3 Rxe3 47. Kf2 Rb3 48. Rg8 g5 49. hxg5 fxg5 50. Rc8 Kg4 51. Rc4+ Kh3 52. Rc5 Rxg3 53. Rb5 h4 54. Kf1 g4 55. Ra5 Kh2 56. Rh5 Rf3+ 57. Ke2 h3 58. Rh4 Kg3 59. Rh6 Rf7 60. Ke1 Kg2 0-1


[Site "https://www.chess.com"]

[Event "Titled Tuesday Blitz August 15 Late 2023"]
[White "Labussiere, Yago"]
[Black "Reprintsev, Alexander"]
[WhiteFideId "2186969"]
[BlackFideId "14100541"]
[WhiteElo "2366"]
[BlackElo "2484"]
[Result "1-0"]
[Round "11"]
[TimeControl "180+1"]
[Date "2023.08.15"]
[WhiteClock "0:00:22"]
[BlackClock "0:00:00"]
[Board "74"]

1. d4 d5 2. c4 e5 3. cxd5 Qxd5 4. dxe5 Qxd1+ 5. Kxd1 Nc6 6. Nc3 Nxe5 7. e4 Bc5 8. Ke1 Be6 9. Nf3 Nxf3+ 10. gxf3 O-O-O 11. Be3 Bb4 12. a3 Bxc3+ 13. bxc3 a6 14. Rg1 g6 15. Rd1 Ne7 16. Be2 Bb3 17. Rd4 Nc6 18. Rxd8+ Rxd8 19. Rg5 f6 20. Rc5 Ne5 21. f4 Nd3+ 22. Bxd3 Rxd3 23. Ke2 Rd6 24. e5 Re6 25. exf6 Rxf6 26. Re5 b6 27. Re7 h5 28. h4 Bc4+ 29. Kf3 Bd5+ 30. Kg3 Rc6 31. Bd4 Be6 32. Be5 Bf5 33. Kf3 b5 34. Ke3 Rc4 35. Rg7 Kb7 36. Kd2 Kb6 37. Bd4+ c5 38. Be5 Ra4 39. Kc1 Rxa3 40. Kb2 Ra4 41. Rf7 Re4 42. Rf6+ Kb7 43. Rf7+ Kc8 44. Rc7+ Kd8 45. Rxc5 Re2+ 46. Kb3 Rxf2 47. Kb4 Ra2 48. Rc6 Ra4+ 49. Kb3 Ke7 50. Rb6 Be6+ 51. Kc2 Bd5 52. Kd2 Be4 53. Ke3 Bc2 54. Bf6+ Kd7 55. Bd4 Ra1 56. Be5 Bf5 57. Kd4 Ra4+ 58. Ke3 Bc2 59. Bd4 Ra3 60. Kd2 Bf5 61. Be5 Ra2+ 62. Ke3 Ke8 63. Kd4 Kf7 64. Kc5 Be4 65. Rd6 a5 66. Rd7+ Ke6 67. Rd6+ Kf5 68. Kxb5 a4 69. Kb4 Kg4 70. Bf6 Bf5 71. Bg5 Ra1 72. Ra6 Bc2 73. Rc6 Rb1+ 74. Ka3 Rb3+ 75. Ka2 Rb5 76. Rd6 Rc5 77. Kb2 Bf5 78. Ra6 Rc4 79. Ka3 Bc2 80. Kb2 Be4 81. Ra5 Bf5 82. Re5 1-0


[Site "https://www.chess.com"]

[Event "Titled Tuesday Blitz August 15 Late 2023"]
[White "Avila Rodriguez, Joshua Ad"]
[Black "Beulen, Marcel"]
[WhiteFideId "5126444"]
[BlackFideId "1001450"]
[WhiteElo "2463"]
[BlackElo "2342"]
[Result "1/2-1/2"]
[Round "11"]
[TimeControl "180+1"]
[Date "2023.08.15"]
[WhiteClock "0:00:05"]
[BlackClock "0:00:06"]
[Board "75"]

1. d4 d5 2. c4 c6 3. Nf3 Nf6 4. e3 Bf5 5. Nc3 a6 6. c5 b6 7. cxb6 Nbd7 8. b7 Ra7 9. Be2 Qb8 10. O-O Qxb7 11. Na4 e6 12. Bd2 c5 13. Rc1 c4 14. b3 Ba3 15. Ra1 cxb3 16. Qxb3 Qxb3 17. axb3 Bd6 18. Rfc1 Ke7 19. Rc6 Rha8 20. Ng5 Nb8 21. Rc8 h6 22. Nf3 Nbd7 23. Rc6 Ne4 24. Be1 Rb8 25. Bd1 a5 26. Rac1 f6 27. Nd2 Nxd2 28. Bxd2 Bb4 29. Bxb4+ Rxb4 30. f3 Bd3 31. Rc7 Rbb7 32. Rc8 Bb5 33. Kf2 Bxa4 34. bxa4 Kd6 35. Kg3 Rc7 36. R1xc7 Rxc7 37. Ra8 Nb6 38. Rxa5 Nc4 39. Ra6+ Rc6 40. Rxc6+ Kxc6 41. Kf2 e5 42. dxe5 fxe5 43. Ke2 Kc5 44. Bb3 Na5 45. Bc2 Nc6 46. Bd1 g5 47. g3 Kc4 48. h4 Kc3 49. hxg5 hxg5 50. g4 d4 51. exd4 exd4 52. f4 gxf4 53. g5 Ne5 54. Kf2 Kb4 55. Kg2 d3 56. Kf2 Ka5 57. Ke1 Kb4 58. Kd2 Ka5 59. Kc3 f3 60. g6 f2 61. g7 f1=Q 62. g8=Q Qxd1 63. Qa8+ Kb6 64. Qb8+ Kc5 65. Qxe5+ Kb6 66. Qd6+ Ka5 67. Qc5+ Ka6 68. Qb5+ Ka7 69. Qa5+ Kb7 70. Qb4+ Ka7 71. Kc4 d2 72. Qe7+ Ka6 73. Qd6+ Ka7 74. Qc5+ Kb7 75. Qe7+ Kb6 76. Qf6+ Kb7 77. Qg7+ Kb6 78. Qg6+ Kb7 79. Qf7+ Kb6 80. Qf6+ Kc7 81. Qe7+ Kc6 82. Qe6+ Kc7 83. Qe5+ Kc6 84. Qd5+ Kc7 85. Qc5+ Kd7 86. Qd4+ Kc7 87. Qc5+ Kd7 88. Qa7+ Kd6 89. Qb6+ Kd7 90. Qd4+ Kc7 91. Qe5+ Kd7 92. Qf5+ Kc7 93. Qf7+ Kc6 94. Qf6+ Kc7 95. Qf4+ Kd7 96. Qf5+ Kc7 97. Qe5+ 1/2-1/2


[Site "https://www.chess.com"]

[Event "Titled Tuesday Blitz August 15 Late 2023"]
[White "Womacka, Mathias"]
[Black "Stachanczyk, Jacek"]
[WhiteFideId "4611390"]
[BlackFideId "1116657"]
[WhiteElo "2450"]
[BlackElo "2340"]
[Result "1-0"]
[Round "11"]
[TimeControl "180+1"]
[Date "2023.08.15"]
[WhiteClock "0:00:41"]
[BlackClock "0:01:52"]
[Board "76"]

1. e4 c6 2. d4 d5 3. Nd2 dxe4 4. Nxe4 Bf5 5. Ng3 Bg6 6. h4 h6 7. Nf3 Nf6 8. Ne5 Bh7 9. Bd3 Bxd3 10. Qxd3 Nbd7 11. f4 e6 12. Bd2 Be7 13. O-O-O Nxe5 14. fxe5 Nd7 15. Ne4 Qc7 16. Qg3 g6 17. Rhf1 Rh7 18. c4 O-O-O 19. c5 Kb8 20. Rf3 f5 21. exf6 Qxg3 22. Rxg3 Nxf6 23. Nxf6 Bxf6 24. Rxg6 Bxd4 25. Rxe6 Rg7 26. g3 Rxg3 27. Bf4+ 1-0


[Site "https://www.chess.com"]

[Event "Titled Tuesday Blitz August 15 Late 2023"]
[White "Kujawski, Adam"]
[Black "dr_tatiana"]
[WhiteFideId "1100920"]
[WhiteElo "2335"]
[BlackElo "2435"]
[Result "1-0"]
[Round "11"]
[TimeControl "180+1"]
[Date "2023.08.15"]
[WhiteClock "0:00:03"]
[BlackClock "0:00:04"]
[Board "77"]

1. d4 d5 2. Bf4 Nf6 3. e3 c6 4. Nd2 Qb6 5. Qc1 Bf5 6. Ngf3 e6 7. Be2 Nbd7 8. O-O c5 9. c3 Rc8 10. Bd1 Bd6 11. Bxd6 Qxd6 12. Bc2 Ne4 13. Nxe4 dxe4 14. Nd2 Nf6 15. f3 exf3 16. Nxf3 Bxc2 17. Qxc2 O-O 18. Rae1 Rfd8 19. e4 Qb6 20. e5 Nd5 21. Ng5 g6 22. Qf2 Rd7 23. c4 Nb4 24. Nxf7 cxd4 25. Nh6+ Kg7 26. Qf6+ Kxh6 27. Re4 d3+ 28. Kh1 Rd4 29. Qh4+ Kg7 30. Rxd4 Rc7 31. Qf6+ Kg8 32. Qf8# 1-0


[Site "https://www.chess.com"]

[Event "Titled Tuesday Blitz August 15 Late 2023"]
[White "Buchenau, Frank"]
[Black "Harish, Neeraj"]
[WhiteFideId "4604350"]
[BlackFideId "30958130"]
[WhiteElo "2431"]
[BlackElo "2330"]
[Result "0-1"]
[Round "11"]
[TimeControl "180+1"]
[Date "2023.08.15"]
[WhiteClock "0:01:02"]
[BlackClock "0:02:04"]
[Board "78"]

1. e4 c6 2. Nf3 d5 3. d3 dxe4 4. dxe4 Qxd1+ 5. Kxd1 Nf6 6. Bd3 Nbd7 7. Ke2 Nc5 8. Nc3 Nfd7 9. e5 g6 10. Bf4 Bg7 11. Rhe1 O-O 12. Rad1 Ne6 13. Bg3 Ndc5 14. Ne4 Nxd3 15. Rxd3 b6 16. Kd1 Ba6 17. Rd2 Rad8 18. Kc1 Rxd2 19. Nexd2 Rd8 20. Ne4 Kf8 21. Rd1 Ke8 22. Rxd8+ Kxd8 23. Nfg5 Bh6 24. h4 f6 25. exf6 exf6 26. Nxf6 Nxg5 27. Ng4 Nf7+ 0-1


[Site "https://www.chess.com"]

[Event "Titled Tuesday Blitz August 15 Late 2023"]
[White "Okike, David"]
[Black "Villiers, Thomas"]
[WhiteFideId "8500134"]
[BlackFideId "427209"]
[WhiteElo "2320"]
[BlackElo "2425"]
[Result "1-0"]
[Round "11"]
[TimeControl "180+1"]
[Date "2023.08.15"]
[WhiteClock "0:02:22"]
[BlackClock "0:02:25"]
[Board "79"]

1. e4 Nf6 2. e5 Nd5 3. d4 d6 4. c4 Nb6 5. f4 g6 6. Nc3 Bg7 7. Be3 O-O 8. Be2 c5 9. dxc5 dxc5 10. Qxd8 Rxd8 11. Nf3 Na6 12. O-O Bg4 13. b3 Nb4 14. Rad1 Rdc8 15. Rd2 e6 16. Rfd1 Bf8 17. Ne4 Rc7 18. Nf6+ Kh8 19. Nxg4 Na6 20. Nf6 Rac8 21. Rd8 Kg7 22. Ne8+ Kh6 23. Nxc7 Kh5 24. Nxa6 Kg4 25. Rxc8 h5 26. Rxf8 g5 27. h3+ Kg3 28. fxg5 h4 29. Rxf7 Nd7 30. Bf2# 1-0


[Site "https://www.chess.com"]

[Event "Titled Tuesday Blitz August 15 Late 2023"]
[White "MrAnnihilation"]
[Black "Shapiro, Daniel"]
[BlackFideId "2001780"]
[WhiteElo "2417"]
[BlackElo "2301"]
[Result "1-0"]
[Round "11"]
[TimeControl "180+1"]
[Date "2023.08.15"]
[WhiteClock "0:00:43"]
[BlackClock "0:00:00"]
[Board "80"]

1. e4 c5 2. Nf3 Nc6 3. Bb5 d6 4. Bxc6+ bxc6 5. e5 d5 6. h3 e6 7. O-O Ne7 8. d3 Ng6 9. Re1 Be7 10. c4 O-O 11. Nc3 Qc7 12. b3 Bd7 13. Na4 f6 14. Bb2 Rf7 15. Rc1 d4 16. Rc2 Raf8 17. Ba3 fxe5 18. Bxc5 Rxf3 19. gxf3 Nh4 20. Bxe7 Nxf3+ 21. Kf1 Rf7 22. Re4 c5 23. Bh4 Bc6 24. Rce2 Bxe4 25. Rxe4 Rf5 26. Bg3 Qf7 27. Kg2 Qh5 28. Nxc5 Nh4+ 29. Bxh4 Qxd1 30. Bg3 Qd2 31. a3 Qc1 32. b4 Qxa3 33. Nxe6 Qxb4 34. Bxe5 a5 35. Nxg7 Rg5+ 36. Rg4 Rxg4+ 37. hxg4 a4 38. Nf5 Qb7+ 39. Kg3 a3 40. Bxd4 a2 41. Nd6 Qc7 42. c5 Qa5 43. Nc4 a1=Q 44. Bxa1 Qxa1 45. c6 Qa6 46. Ne5 Qc8 47. f4 Qc7 48. Kf3 Kf8 49. Ke4 Ke7 50. g5 Kd6 51. f5 Qe7 52. d4 Qxg5 53. Nf7+ Kxc6 54. Nxg5 Kd7 55. Nxh7 Kd6 56. Nf6 Ke7 57. Ke5 1-0


[Site "https://www.chess.com"]

[Event "Titled Tuesday Blitz August 15 Late 2023"]
[White "Kula, Robert"]
[Black "financieru"]
[WhiteFideId "1101218"]
[WhiteElo "2282"]
[BlackElo "2409"]
[Result "1-0"]
[Round "11"]
[TimeControl "180+1"]
[Date "2023.08.15"]
[WhiteClock "0:00:10"]
[BlackClock "0:00:11"]
[Board "81"]

1. e4 c5 2. c4 e6 3. Nc3 d6 4. d3 Nc6 5. f4 g6 6. Nf3 Bg7 7. Be2 Nge7 8. O-O O-O 9. Be3 Nd4 10. Bf2 f5 11. Nxd4 cxd4 12. Nb5 e5 13. exf5 gxf5 14. fxe5 dxe5 15. Bf3 a6 16. Na3 Rb8 17. Re1 Ng6 18. Bd5+ Kh8 19. Nc2 Bd7 20. Qf3 Nf4 21. Bg3 Nxd5 22. cxd5 Rc8 23. Na3 f4 24. Bf2 b5 25. Rac1 Bf5 26. Nc2 a5 27. Na3 Qd7 28. Rc6 b4 29. Nc4 Rxc6 30. dxc6 Qc8 31. Nxe5 Re8 32. Bxd4 Kg8 33. Qd5+ Be6 34. Qd7 Rd8 35. Qa7 Rxd4 36. Qxd4 Qc7 37. Kf1 f3 38. gxf3 Bh3+ 39. Kf2 h5 40. Rg1 Kh8 41. Rxg7 Kxg7 42. Nd7+ Kf7 43. Qf6+ Kg8 44. Qg6+ Kh8 45. Qxh5+ Kg7 46. Qg5+ Kf7 47. Qf6+ Kg8 48. Qf8+ Kh7 49. Qe7+ Kh6 50. Qh4+ Kg7 51. Qxh3 Qxc6 52. Qg4+ Kh8 53. Ne5 Qc2+ 54. Kg3 Qc7 55. Kf4 Qc5 56. Nf7+ Kh7 57. Ng5+ Kg6 58. Ne6+ Kf7 59. Nxc5 b3 60. Nxb3 a4 61. Nc5 a3 62. bxa3 Kf6 63. Ke4 Kf7 64. Kd5 Kf6 65. Kd6 Kf7 66. Qf4+ Kg6 67. Ke7 Kh5 68. Qg3 Kh6 69. Kf6 Kh7 70. Qg7# 1-0


[Site "https://www.chess.com"]

[Event "Titled Tuesday Blitz August 15 Late 2023"]
[White "The_Straightforward_Rook"]
[Black "Ai, Evan"]
[BlackFideId "2094770"]
[WhiteElo "2408"]
[BlackElo "2276"]
[Result "0-1"]
[Round "11"]
[TimeControl "180+1"]
[Date "2023.08.15"]
[WhiteClock "0:01:51"]
[BlackClock "0:01:33"]
[Board "82"]

1. d4 Nf6 2. c4 e6 3. Nf3 d5 4. cxd5 exd5 5. Nc3 Bb4 6. Bf4 O-O 7. e3 Nbd7 8. Bd3 c5 9. O-O b6 10. a3 Bxc3 11. bxc3 Bb7 12. a4 a5 13. Rb1 Qe7 14. Bb5 Rac8 15. Ne5 Nxe5 16. Bxe5 Ne4 17. Qe1 f6 18. Bf4 cxd4 19. cxd4 Nc3 20. Rb2 Nxb5 21. Rxb5 Ba6 22. Rxb6 Bxf1 23. Kxf1 Qa3 24. Qxa5 Qd3+ 25. Ke1 Rc1# 0-1


[Site "https://www.chess.com"]